 Dungeon Crawl Stone Soup version 0.20-a0-738-gb057e68 (webtiles) character file.

13 KristoblXynda the Ruffian (level 2, 0/25 HPs)
             Began as a Naga Transmuter on Feb 23, 2017.
             Slain by a rat (1 damage)
             ... on level 1 of the Dungeon.
             The game lasted 00:00:45 (323 turns).

KristoblXynda the Ruffian (Naga Transmuter)          Turns: 323, Time: 00:00:46

Health: 0/25       AC:  1    Str: 12    XL:     2   Next: 37%
Magic:  4/5        EV: 10    Int: 13    God:
Gold:   23         SH:  0    Dex: 11    Spells: 4/5 levels left

rFire    . . .     SeeInvis +     - Unarmed
rCold    . . .     Gourm    .   b - +0 robe
rNeg     . . .     Faith    .   (no shield)
rPois    +         Spirit   .   (no helmet)
rElec    .         Reflect  .   (no cloak)
rCorr    .         Harm     .   (no gloves)
MR       .....                  (no barding)
Stlth    ++........             (no amulet)
Regen    0.1/turn               (no ring)
MPRegen  0.1/turn               (no ring)

@: short of breath, appendage, very slow
A: horns 2, see invisible, deformed body, poison resistance, slowness 2, slow
metabolism 1, spit poison 1, AC +0
a: Spit Poison, End Transformation


You were on level 1 of the Dungeon.
You were not hungry.
You had grown temporary horns.
You visited 1 branch of the dungeon, and saw 1 of its levels.

You collected 23 gold pieces.

Inventory:

Missiles
 a - 12 arrows
Armour
 b - a +0 robe (worn)
Scrolls
 e - a scroll of identify {unknown}
 g - a scroll of teleportation {unknown}
Potions
 f - a potion of lignification {unknown}
Books
 c - a book of Changes

   Spells                             Type                      Level
   a - Beastly Appendage              Transmutation                1
   b - Sticks to Snakes               Transmutation                2
   c - Spider Form                    Transmutation/Poison         3
   d - Ice Form                       Ice/Transmutation            4
   e - Blade Hands                    Transmutation                5
Comestibles
 d - a bread ration


   Skills:
 - Level 1.0 Fighting
 - Level 1.5 Dodging
 + Level 1.4 Stealth
 * Level 3.2 Unarmed Combat
 - Level 2.0 Spellcasting
 + Level 2.4 Transmutations


You had 4 spell levels left.
You knew the following spells:

 Your Spells              Type           Power        Failure   Level  Hunger
a - Beastly Appendage     Tmut           #.....       12%         1    ##.....


Dungeon Overview and Level Annotations

Branches:
Dungeon (1/15)

Altars:


Innate Abilities, Weirdness & Mutations

You cannot wear boots.
Your serpentine skin is tough. (AC +0)
You have supernaturally acute eyesight. (SInv)
Armour fits poorly on your strangely shaped body.
Your system is resistant to poisons. (rPois)
You cover ground very slowly.
You have a slow metabolism.
You can spit poison.
You have a pair of horns on your head.


Message History

You closely miss the kobold.
You headbutt the kobold, but do no damage.
The kobold hits you with a club.
* * * LOW HITPOINT WARNING * * *
The rat closely misses you.
You closely miss the kobold. The rat bites you.
* * * LOW HITPOINT WARNING * * *
The kobold hits you but does no damage.
You miss the kobold. The rat misses you. The kobold hits you with a club.
* * * LOW HITPOINT WARNING * * *
Press: ? - help, Shift-Dir - straight line, f - kobold
Aim: a kobold, wielding a club The splash of poison hits the kobold.
You kill the kobold!
You feel slightly more hungry. The rat barely misses you.
Unknown command.
You hit the rat.
The rat is heavily wounded.
The rat bites you.
You die...

..# .......
.#..####.... .##.
.#### ...!.......# ..#
#.... ...........##
#.# ##.# ...$....
.####.## #.#
........#.....####..
###)r##..#...........
#...@##..#...........
#.#.(#........#..#...
#....#(.##........#...
#.#.##.####...##.##...
# #. #........##..#...
.. ######...###.....
.# #...# #.... ..
#...# .... .. #####
####


You could see a rat.

Vanquished Creatures
  An ooze (D:1)
  2 leopard geckos (D:1)
  A goblin (D:1)
  A kobold (D:1)
  3 rats (D:1)
8 creatures vanquished.

Notes
Turn   | Place    | Note
-------+----------+-------------------------------------------
     0 | D:1      | KristoblXynda the Naga Transmuter began the quest for the Orb.
     0 | D:1      | Reached XP level 1. HP: 18/18 MP: 3/3
   275 | D:1      | Reached skill level 1 in Stealth
   275 | D:1      | Reached XP level 2. HP: 25/25 MP: 5/5
   321 | D:1      | HP: 1/25 [kobold/club (2)]
   323 | D:1      | Slain by a rat

Vault maps used:
D:1:      dpeg_arrival_connections, moated_statue, minmay_bisected

Skill      XL: |  1 |
---------------+----+-----
Stealth        | 1 |  1.4
Fighting       | |  1.0
Dodging        | |  1.5
Unarmed Combat | |  3.2
Spellcasting   | |  2.0
Transmutations | |  2.4

Action                   || total
-------------------------++-------
Melee: Unarmed           ||    29
       Punch             ||     1
       Headbutt          ||     1
 Cast: Beastly Appendage ||     3
 Abil: Spit Poison       ||     1
Armor: Robe              ||     2
Dodge: Dodged            ||    22
